 Dungeon Crawl Stone Soup version 0.21-a0-104-g7b58145 (webtiles) character file.

501 KristoblXynda the Covert (level 7, -4/55 HPs)
             Began as a Naga Enchanter on July 6, 2017.
             Slain by a raiju (8 damage)
             ... on level 1 of the Abyss.
             The game lasted 00:09:42 (4536 turns).

KristoblXynda the Covert (Naga Enchanter)           Turns: 4536, Time: 00:09:43

Health: -4/55      AC:  4    Str: 10    XL:     7   Next: 17%
Magic:  6/11       EV: 12    Int: 17    God:
Gold:   93         SH:  0    Dex: 12    Spells: 7/12 levels left

rFire    . . .     SeeInvis +   m - +1 dagger (venom)
rCold    . . .     Gourm    .   (no shield)
rNeg     . . .     Faith    .   b - +0 robe
rPois    +         Spirit   .   (no helmet)
rElec    .         Reflect  .   s - +0 cloak {+Inv}
rCorr    .         Harm     .   (no gloves)
MR       .....                  (no barding)
Stlth    ++++......             (no amulet)
HPRegen  0.18/turn              u - +2 ring of evasion
MPRegen  0.12/turn              (no ring)

@: about to teleport, very slightly contaminated, very slow
A: see invisible, deformed body, poison resistance, slowness 2, slow metabolism
1, spit poison 1, AC +2
a: Spit Poison, Evoke Invisibility


You were on level 1 of the Abyss.
You were not hungry.

You visited 1 branch of the dungeon, and saw 4 of its levels.
You visited the Abyss 1 time.

You collected 93 gold pieces.

Inventory:

Hand Weapons
 a - a +1 dagger
 m - a +1 dagger of venom (weapon)
Armour
 b - a +0 robe (worn)
 s - a +0 cloak of invisibility (worn)
Jewellery
 u - a +2 ring of evasion (left hand)
Wands
 r - a wand of iceblast (7/15)
Scrolls
 e - 3 scrolls of immolation
 h - 3 scrolls of remove curse
 j - 5 scrolls of identify
 p - a scroll of magic mapping
 t - a scroll of fear
Potions
 f - a potion of might
 l - a potion of agility
 o - a potion of flight
 w - a potion of curing
Books
 c - a book of Maledictions

   Spells                             Type                      Level
   a - Corona                         Hexes                        1
   b - Ensorcelled Hibernation        Hexes/Ice                    2
   c - Confuse                        Hexes                        3
   d - Tukima's Dance                 Hexes                        3
   e - Dazzling Spray                 Conjuration/Hexes            3
 y - a book of the Earth

   Spells                             Type                      Level
   a - Leda's Liquefaction            Hexes/Earth                  4
   b - Bolt of Magma                  Conjuration/Fire/Earth       5
   c - Statue Form                    Transmutation/Earth          6
   d - Iron Shot                      Conjuration/Earth            6
   e - Shatter                        Earth                        9
Comestibles
 d - 3 bread rations
 i - 2 meat rations


   Skills:
 - Level 1.0 Short Blades
 - Level 1.5 Dodging
 + Level 8.3 Stealth
 - Level 3.2 Spellcasting
 + Level 5.2 Hexes
 + Level 2.2 Evocations


You had 7 spell levels left.
You knew the following spells:

 Your Spells              Type           Power        Failure   Level  Hunger
b - Ensorcelled Hibernat  Hex/Ice        ##....       9%          2    ##.....
c - Confuse               Hex            ###.....     6%          3    ###....


Dungeon Overview and Level Annotations

Branches:
Dungeon (4/15)
 Temple: D:4-7

Altars:
Gozag


Innate Abilities, Weirdness & Mutations

You cannot wear boots.
Your serpentine skin is tough. (AC +2)
You have supernaturally acute eyesight. (SInv)
Armour fits poorly on your strangely shaped body.
Your system is resistant to poisons. (rPois)
You cover ground very slowly.
You have a slow metabolism.
You can spit poison.


Message History

The raiju bursts into living lightning!
The living lightning hits the raiju.
The raiju completely resists.
The living lightning hits you!
The raiju blinks!
As you read the scroll of fear, it crumbles to dust.
You assume a fearsome visage.
The raiju looks frightened! x2
Unknown command.
As you read the scroll of teleportation, it crumbles to dust.
You feel strangely unstable.
You feel the power of the Abyss delaying your translocation!
Cornered, the raiju turns to fight!
The raiju bursts into living lightning!
The living lightning hits you!
* * * LOW HITPOINT WARNING * * *
The raiju blinks!
A raiju comes into view.
The raiju bursts into living lightning!
The living lightning misses you. The living lightning hits you!
* * * LOW HITPOINT WARNING * * *
The raiju blinks! x3; The raiju bites you!
You die...

.# .( ... . #...
.###.###.#. #....
# .#...#.....#
.... # .
#.....#..#####.h#
. ..
..#....#.......#
#...#
#.....##..§#...#
....
#....§..#.##...
###..#
#..hh#.###._#..h..
#.#@#..#...... #..
#.#.....##..#.. .
##.#....#...# #...
#.#.#..#.........
.####....#.#..#..
#. ##.##.#.##. .#
.....# # .. ...# .
. ..##..


You could see 2 raiju.

Vanquished Creatures
  A scorpion (D:4)
  A crimson imp (D:4)
  Crazy Yiuf (D:3)
  A hound (D:4)
  An orc wizard (D:4)
  Jessica (D:3)
  An iguana (D:4)
  3 worker ants (D:4)
  10 adders
  3 oozes
  3 worms
  5 dart slugs
  9 orcs
  6 giant cockroaches
  5 goblins
  11 hobgoblins
  3 jackals
  8 kobolds
  A quokka (D:3)
  A ball python (D:2)
  2 bats (D:3)
  6 frilled lizards
  A jackal skeleton (D:4)
  5 rats
89 creatures vanquished.

Notes
Turn   | Place    | Note
-------+----------+-------------------------------------------
     0 | D:1      | KristoblXynda the Naga Enchanter began the quest for the Orb.
     0 | D:1      | Reached XP level 1. HP: 15/15 MP: 3/3
   138 | D:1      | Reached XP level 2. HP: 18/22 MP: 5/5
   219 | D:1      | Learned a level 2 spell: Ensorcelled Hibernation
   909 | D:1      | Reached XP level 3. HP: 28/28 MP: 6/6
   915 | D:1      | Learned a level 3 spell: Confuse
   922 | D:1      | Reached skill level 5 in Stealth
  1435 | D:2      | Reached XP level 4. HP: 24/36 MP: 7/7
  1926 | D:2      | Reached skill level 6 in Stealth
  2213 | D:2      | You fall through a shaft!
  2307 | D:3      | Noticed Jessica
  2348 | D:3      | Killed Jessica
  2348 | D:3      | Reached XP level 5. HP: 24/42 MP: 3/9
  3151 | D:3      | Found a runed door.
  3155 | D:3      | Noticed Crazy Yiuf
  3159 | D:3      | Killed Crazy Yiuf
  3159 | D:3      | Reached skill level 7 in Stealth
  3279 | D:4      | Found an opulent altar of Gozag.
  3289 | D:4      | Reached XP level 6. HP: 49/49 MP: 10/10
  3359 | D:4      | Reached skill level 1 in Evocations
  4025 | D:4      | Reached skill level 8 in Stealth
  4025 | D:4      | Reached skill level 5 in Hexes
  4025 | D:4      | Reached XP level 7. HP: 17/55 MP: 4/11
  4472 | D:4      | Cast into level 1 of the Abyss (goblin)
  4514 | Abyss:1  | Found a corrupted altar of Lugonu.
  4520 | Abyss:1  | Noticed a raiju
  4530 | Abyss:1  | Noticed a raiju
  4536 | Abyss:1  | Noticed a raiju
  4536 | Abyss:1  | Slain by a raiju

Vault maps used:
D:1:      dpeg_arrival_pond
D:3:      uniq_jessica, uniq_crazy_yiuf_cottage
D:4:      grunt_gozag_statues, grunt_temple_overflow_diamond,
          minmay_goblin_kobold_house

Skill      XL: |  1  2  3  4  5  6 |
---------------+-------------------+-----
Stealth        | 5 6 7 8 |  8.3
Spellcasting   | 3 |  3.2
Hexes          | 4 5 |  5.2
Evocations     | 2 |  2.2
Short Blades   | |  1.0
Dodging        | |  1.5

Action                   |  1- 3 |  4- 6 |  7- 9 || total
-------------------------+-------+-------+-------++-------
Melee: Dagger            |    89 |   177 |    11 ||   277
 Cast: Ensorcelled Hiber |     3 |       |       ||     3
       Confuse           |     1 |     8 |     1 ||    10
 Abil: Spit Poison       |    13 |     5 |       ||    18
  Use: Scroll            |       |       |    12 ||    12
 Stab: Sleeping          |     6 |    16 |     4 ||    26
       Confused          |       |     1 |       ||     1
       Distracted        |       |     1 |       ||     1
  Eat: Chunk             |     2 |     7 |     2 ||    11
Armor: Robe              |     8 |    22 |     2 ||    32
Dodge: Dodged            |    53 |    89 |     6 ||   148
